 Dungeon Crawl Stone Soup version 0.19-a0-376-gf780d9b (webtiles) character file.

91 George the Conjurer (level 4, -4/33 HPs)
             Began as a Draconian Conjurer on May 30, 2016.
             Was an Initiate of Vehumet.
             Killed by divine providence
             ... invoked by an orc priest
              (16 damage)
             ... on level 3 of the Dungeon.
             The game lasted 00:08:00 (2884 turns).

George the Conjurer (Draconian Conjurer)            Turns: 2884, Time: 00:08:01

Health: -4/33      AC:  6    Str: 10    XL:     4   Next: 34%
Magic:  2/7        EV: 12    Int: 17    God:    Vehumet [......]
Gold:   121        SH:  0    Dex: 11    Spells: 1 memorised, 6 levels left

rFire  . . .     SeeInvis .     p - +1 quarterstaff (holy)
rCold  . . .     Gourm    .     (armour unavailable)
rNeg   . . .     Faith    .     (shield currently unavailable)
rPois  .         Spirit   .     (helmet restricted)
rElec  .         Dismiss  .     (no cloak)
rCorr  .         Reflect  .     (no gloves)
SustAt .         Harm     .     j - +0 pair of boots
MR     .....                    (no amulet)
Stlth  ++........               (no ring)
                                (no ring)

@: not resistant to hostile enchantments, unstealthy
A: unfitting armour, cold-blooded, AC +5
a: Renounce Religion


You were on level 3 of the Dungeon.
You worshipped Vehumet.
Vehumet was noncommittal.
You were hungry.

You visited 1 branch of the dungeon, and saw 3 of its levels.

You collected 121 gold pieces.

Inventory:

Hand Weapons
 p - a +1 quarterstaff of holy wrath (weapon)
Armour
 j - a +0 pair of boots (worn)
Scrolls
 c - a scroll of enchant armour {unknown}
 e - 2 scrolls of teleportation {unknown}
 n - 2 scrolls of identify {unknown}
Potions
 d - 2 potions of curing {unknown}
 i - a potion of ambrosia {unknown}
 l - a potion of invisibility {unknown}
 m - a potion of haste {unknown}
Books
 a - a book of Conjurations

   Spells                             Type                      Level
   a - Magic Dart                     Conjuration                  1
   b - Searing Ray                    Conjuration                  2
   c - Dazzling Spray                 Conjuration/Hexes            3
   d - Fulminant Prism                Conjuration/Hexes            4
   e - Iskenderun's Mystic Blast      Conjuration                  4
   f - Iskenderun's Battlesphere      Conjuration/Charms           5
Comestibles
 b - 2 bread rations
 g - 2 meat rations
 h - a beef jerky
 o - 3 chunks of flesh


   Skills:
 - Level 1.7 Dodging
 - Level 1.7 Stealth
 - Level 2.0 Spellcasting
 + Level 5.9 Conjurations


You had 6 spell levels left.
You knew the following spells:

 Your Spells              Type           Power        Failure   Level  Hunger
a - Magic Dart            Conj           ###.         1%          1    #......


Dungeon Overview and Level Annotations

Branches:
Dungeon (3/15)

Altars:
Ashenzari
Cheibriados
Elyvilon
Gozag
Hepliaklqana
Okawaru
Pakellas
Ru
Trog
Vehumet


Innate Abilities, Weirdness & Mutations

Your plain brown scales are hard (AC +5).
Your body does not fit into most forms of armour.
You are cold-blooded and may be slowed by cold attacks.


Message History

Aiming: Magic Dart
Press: ? - help, Shift-Dir - straight line, f/p - orc
Aim: an orc, wielding a flail and wearing a chain mail The magic dart hits the orc.
The orc is lightly wounded.
The orc misses you.
The orc priest invokes the aid of Beogh against you.
Beogh smites you!
You hear a shout!
You see here a +0 dagger.
An orc comes into view. It is wielding a flail.
The orc priest invokes the aid of Beogh against you.
Beogh smites you!
You see here 17 sling bullets.
The gnoll shouts!
The gnoll closely misses you. The gnoll closely misses you.
The orc priest calls down the wrath of Beogh upon you.
Beogh smites you!
You die...

#..........#
#.
#.#._..._....
##
#.#..._...###
#.......#.#
###.#......
#.######
#####.####
#.....g..#
#.#####o@#
#รท#####..#
#)##.....#
#.##o##.##
#.##.##.#
#...(...#
####.#### #o#
#.# #######o.


You could see an orc priest, a gnoll and an orc.

Vanquished Creatures
  3 gnolls (D:3)
  An adder (D:2)
  2 worms
  2 dart slugs (D:1)
  3 giant geckos
  An orc (D:3)
  A bat (D:1)
  A giant cockroach (D:3)
  9 goblins
  2 hobgoblins (D:2)
  3 jackals (D:1)
  A kobold (D:1)
  2 quokkas
  3 giant newts
  4 rats
38 creatures vanquished.

Notes
Turn   | Place    | Note
--------------------------------------------------------------
     0 | D:1      | George the Draconian Conjurer began the quest for the Orb.
     0 | D:1      | Reached XP level 1. HP: 14/14 MP: 3/3
   522 | D:1      | Reached XP level 2. HP: 20/20 MP: 1/5
  1821 | D:2      | Reached skill level 5 in Conjurations
  1833 | D:2      | Reached XP level 3. HP: 26/26 MP: 2/6
  1873 | D:2      | Found an opulent altar of Gozag.
  1933 | D:2      | Found a bloodstained altar of Trog.
  2420 | D:3      | Reached XP level 4. HP: 12/33 MP: 0/7
  2728 | D:3      | Found a radiant altar of Vehumet.
  2729 | D:3      | Found a hazy altar of Hepliaklqana.
  2730 | D:3      | Found a shattered altar of Ashenzari.
  2732 | D:3      | Found an iron altar of Okawaru.
  2733 | D:3      | Found an oddly glowing altar of Pakellas.
  2734 | D:3      | Found a snail-covered altar of Cheibriados.
  2734 | D:3      | Found a white marble altar of Elyvilon.
  2735 | D:3      | Found a sacrificial altar of Ru.
  2738 | D:3      | Became a worshipper of Vehumet
  2884 | D:3      | Killed from afar by an orc priest

Vault maps used:
D:1:      lightli_arrival_farm
D:2:      lightli_temple_of_fire, nicolae_gozag_seed_capital
D:3:      grunt_temple_overflow_open, first_bread

Skill      XL: |  1  2 |
---------------+-------+-----
Conjurations   | 5 |  5.9
Dodging        | |  1.7
Stealth        | |  1.7
Spellcasting   | |  2.0

Action                   |  1- 3 |  4- 6 || total
-------------------------+-------+-------++-------
Melee: Unarmed           |    30 |       ||    30
       Tailslap          |     5 |     1 ||     6
       Dagger            |    38 |    11 ||    49
 Cast: Magic Dart        |   114 |    21 ||   135
  Eat: Chunk             |     7 |     1 ||     8
Armor: Skin              |    33 |     3 ||    36
Dodge: Dodged            |    78 |    23 ||   101
